 Dungeon Crawl Stone Soup version 0.21.1-1-g345015fe64 (webtiles) character file.

2014 LevaFresel the Slasher (level 9, 0/68 HPs)
             Began as a Human Fighter on June 12, 2018.
             Was an Initiate of Nemelex Xobeh.
             Slain by an iguana (2 damage)
             ... while paralysed
             ... on level 7 of the Dungeon.
             The game lasted 00:32:34 (7983 turns).

LevaFresel the Slasher (Human Fighter)              Turns: 7983, Time: 00:32:35

Health: 0/68       AC: 13    Str: 20    XL:     9   Next: 46%
Magic:  9/9        EV:  2    Int:  8    God:    Nemelex Xobeh [......]
Gold:   143        SH:  0    Dex: 13    Spells: 8/8 levels left

rFire    . . .     SeeInvis +   a - +0 falchion (protect)
rCold    . . .     Gourm    .   c - +0 shield
rNeg     + . .     Faith    .   k - +0 chain mail
rPois    .         Spirit   .   A - +0 helmet
rElec    .         Reflect  .   y - +0 cloak
rCorr    .         Harm     .   u - +0 pair of gloves
MR       .....                  (no boots)
Stlth    ..........             (no amulet)
HPRegen  0.21/turn              j - ring of see invisible
MPRegen  0.11/turn              v - ring of positive energy

@: paralysed, fainting
A: no striking features
a: Renounce Religion


You were on level 7 of the Dungeon.
You worshipped Nemelex Xobeh.
Nemelex Xobeh was noncommittal.
You were fainting.

You visited 2 branches of the dungeon, and saw 8 of its levels.

You collected 293 gold pieces.
You spent 150 gold pieces at shops.

Inventory:

Hand Weapons
 a - a +0 falchion of protection (weapon)
 b - a +0 blowgun
 w - a +2 great sword of draining
Missiles
 r - 37 poisoned needles (quivered)
Armour
 c - a +0 shield (worn)
 k - a +0 chain mail (worn)
 u - a +0 pair of gloves (worn)
 y - a +0 cloak (worn)
 A - a +0 helmet (worn)
Jewellery
 j - a ring of see invisible (left hand)
 v - a ring of positive energy (right hand)
 G - a +3 ring of intelligence {unknown}
Scrolls
 e - 4 scrolls of remove curse
 g - 2 scrolls of fog {unknown}
 l - a scroll of noise {unknown}
 m - 3 scrolls of fear
 n - 3 scrolls of identify
 o - 3 scrolls of amnesia
 s - 4 scrolls of teleportation
 t - a scroll of magic mapping {unknown}
Potions
 d - 3 potions of might
 f - a potion of brilliance {unknown}
 h - a potion of magic {unknown}
 i - a potion of lignification {unknown}
 p - a potion of invisibility {unknown}
 q - 3 potions of curing {unknown}
 z - a potion of cancellation {unknown}
 B - 2 potions of flight
 C - a potion of agility {unknown}
 D - a potion of ambrosia {unknown}
 E - a potion of heal wounds
 F - a potion of berserk rage
Miscellaneous
 x - a plain deck of summoning


   Skills:
 + Level 5.5 Fighting
 * Level 7.1 Long Blades
 + Level 5.6 Armour
 + Level 4.5 Dodging
 + Level 5.6 Shields


You had 8 spell levels left.
You didn't know any spells.

Dungeon Overview and Level Annotations

Branches:
Dungeon (7/15)             Temple (1/1) D:4

Altars:
Ashenzari
Cheibriados
Dithmenos
Elyvilon
Fedhas
Gozag
Hepliaklqana
Makhleb
Nemelex Xobeh
Okawaru
Qazlal
Ru
Sif Muna
Trog
Uskayaw
Vehumet
Wu Jian
Xom
Yredelemnul
The Shining One

Shops:
D:5 !   D:6 [


Message History

The iguana bites you!
* * * LOW HITPOINT WARNING * * *
The centaur hits you but does no damage.
The centaur hits you but does no damage.
The iguana bites you but does no damage.
The centaur hits you but does no damage.
The iguana bites you.
* * * LOW HITPOINT WARNING * * *
The centaur hits you.
* * * LOW HITPOINT WARNING * * *
The centaur hits you.
* * * LOW HITPOINT WARNING * * *
The iguana bites you but does no damage.
The centaur hits you but does no damage.
The iguana bites you but does no damage.
The centaur hits you but does no damage.
The centaur hits you but does no damage.
The iguana bites you.
You die...
Your body disappears without a glow.

...##.........#
........#######
...##.#.# # #.#
#.# #(# #(#
#.#####(#
#....l@.#
......[c##
........#
...###..# ..
.... . ##..#
#..# #..#


You could see a centaur and an iguana.

Vanquished Creatures
  Grinder (D:3)
  The ghost of McKennaii the Magician, an amateur DEIE (D:5)
  3 ice beasts
  2 sky beasts (D:5)
  A black bear (D:6)
  An ogre (D:6)
  A bullfrog (D:6)
  A scorpion (D:6)
  4 crimson imps
  A bullfrog zombie (D:6)
  2 hounds (D:5)
  A bullfrog skeleton (D:4)
  An orc priest (D:3)
  A jelly (D:5)
  An orc wizard (D:5)
  Jessica (D:3)
  4 worker ants
  2 hound zombies (D:6)
  A hound skeleton (D:6)
  3 worker ant zombies (D:6)
  Robin (D:3)
  8 gnolls
  A howler monkey zombie (D:6)
  9 adders
  A shadow imp (D:6)
  An ooze (D:2)
  3 adder zombies (D:6)
  2 adder skeletons (D:6)
  5 worms
  3 dart slugs (D:1)
  7 leopard geckos
  13 orcs
  9 giant cockroaches
  10 hobgoblins
  4 jackals (D:3)
  6 quokkas
  5 bats
  7 frilled lizards
  18 goblins
  A jackal zombie (D:6)
  11 kobolds
  2 leopard gecko skeletons (D:4)
  A quokka zombie (D:6)
  9 rats
170 creatures vanquished.

Notes
Turn   | Place    | Note
-------+----------+-------------------------------------------
     0 | D:1      | LevaFresel the Human Fighter began the quest for the Orb.
     0 | D:1      | Reached XP level 1. HP: 18/18 MP: 1/1
    89 | D:2      | Reached XP level 2. HP: 23/24 MP: 2/2
   201 | D:1      | Reached XP level 3. HP: 29/29 MP: 3/3
   535 | D:1      | Reached skill level 1 in Dodging
  1024 | D:2      | Reached XP level 4. HP: 24/35 MP: 4/4
  1179 | D:2      | Reached skill level 3 in Long Blades
  1674 | D:3      | Noticed Robin
  1768 | D:2      | Reached XP level 5. HP: 40/41 MP: 5/5
  2231 | D:3      | Killed Robin
  2487 | D:3      | Noticed Grinder
  2861 | D:2      | Found an iron altar of Okawaru.
  2886 | D:2      | Found a deep blue altar of Sif Muna.
  3267 | D:3      | Reached XP level 6. HP: 37/47 MP: 6/6
  3334 | D:3      | Noticed Jessica
  3342 | D:3      | Killed Jessica
  3726 | D:3      | Paralysed by Grinder for 3 turns
  3732 | D:3      | Killed Grinder
  3732 | D:3      | Reached skill level 4 in Long Blades
  3732 | D:3      | Reached XP level 7. HP: 20/54 MP: 7/7
  4826 | D:4      | Reached skill level 5 in Long Blades
  4968 | D:4      | Found a staircase to the Ecumenical Temple.
  5032 | Temple   | Entered the Ecumenical Temple
  5332 | D:4      | Reached XP level 8. HP: 57/61 MP: 8/8
  5438 | D:5      | Entered Level 5 of the Dungeon
  5999 | D:5      | Found a sparkling altar of Nemelex Xobeh.
  6056 | D:5      | Became a worshipper of Nemelex Xobeh the Trickster
  6062 | D:5      | Received a gift from Nemelex Xobeh
  6176 | D:5      | Found Pahats's Distillery.
  6188 | D:5      | Noticed McKennaii's ghost (amateur DEIE)
  6205 | D:5      | Killed McKennaii's ghost
  6205 | D:5      | Reached skill level 6 in Long Blades
  6205 | D:5      | Reached skill level 5 in Armour
  6205 | D:5      | Reached skill level 5 in Shields
  6294 | D:5      | Bought a potion of heal wounds for 75 gold pieces
  6294 | D:5      | Bought a potion of berserk rage for 75 gold pieces
  6369 | D:5      | Reached skill level 5 in Fighting
  6473 | D:5      | Reached XP level 9. HP: 68/68 MP: 9/9
  6489 | D:5      | Found a glowing golden altar of the Shining One.
  6493 | D:5      | Found an ornate altar of the Wu Jian Council.
  6498 | D:5      | Found a shimmering altar of Xom.
  6911 | D:5      | Found a sparkling altar of Nemelex Xobeh.
  6914 | D:5      | Found a bloodstained altar of Trog.
  6916 | D:5      | Found a hide-covered altar of Uskayaw.
  7324 | D:6      | Found Nizer's Armour Emporium.
  7720 | D:6      | Reached skill level 7 in Long Blades
  7965 | D:7      | Paralysed by fainting for 11 turns
  7978 | D:7      | Paralysed by fainting for 9 turns
  7980 | D:7      | HP: 3/68 [centaur (2)]
  7981 | D:7      | HP: 1/68 [centaur (2)]
  7983 | D:7      | Slain by an iguana

Skill      XL: |  1  2  3  4  5  6  7  8  9 |
---------------+----------------------------+-----
Dodging        | 1 2 3 4 |  4.5
Long Blades    | 3 4 5 6 7 |  7.1
Fighting       | 4 5 |  5.5
Armour         | 4 5 |  5.6
Shields        | 4 5 |  5.6

Action                   |  1- 3 |  4- 6 |  7- 9 || total
-------------------------+-------+-------+-------++-------
Melee: Long sword        |    96 |   321 |       ||   417
       Falchion          |       |     3 |   651 ||   654
 Fire: Blowgun           |       |     5 |    44 ||    49
  Use: Scroll            |       |     1 |     4 ||     5
       Potion            |       |       |     1 ||     1
  Eat: Ration            |     1 |     1 |     4 ||     6
       Chunk             |       |     2 |       ||     2
Armor: Scale mail        |    44 |    51 |       ||    95
       Chain mail        |       |   173 |   387 ||   560
Dodge: Dodged            |    32 |    98 |   165 ||   295
Block: Shield            |    41 |   223 |   303 ||   567
       Rpst.: Long sword |    12 |    39 |       ||    51
       Falchion          |       |     1 |    36 ||    37
